 Dungeon Sprint DCSS version 0.21.2 (webtiles) character file.

28233 Fang the Executioner (level 13, -14/148 HPs)
             Began as a Gargoyle Berserker on Dec 20, 2018.
             Was a High Priest of Trog.
             Killed by divine providence
             ... invoked by a greater mummy
             ... led by Khufu
              (15 damage)
             ... in the Dungeon (Sprint VII: "The Pits").
             The game lasted 00:10:15 (4538 turns).

Fang the Executioner (Gargoyle Berserker)           Turns: 4538, Time: 00:10:15

Health: -14/148    AC: 31    Str: 31    XL:     13   Next: 37%
Magic:  2/13       EV: 11    Int: 14    God:    Trog [*****.]
Gold:   35         SH:  0    Dex:  9    Spells: 12/12 levels left

rFire    . . .     SeeInvis .   G - +5 executioner's axe (elec)
rCold    . . .     Gourm    .   (shield currently unavailable)
rNeg     + . .     Faith    .   u - +3 plate armour
rPois    ∞         Spirit   .   j - +2 hat
rElec    +         Reflect  .   (no cloak)
rCorr    .         Harm     .   (no gloves)
MR       .....     NoTele   +   (no boots)
Stlth    ..........             (no amulet)
HPRegen  0.34/turn              o - +3 ring of intelligence
MPRegen  0.13/turn              r - +3 ring of intelligence

@: berserking, slowed
A: negative energy resistance 1, electricity resistance, unbreathing,
petrification resistance, rot immunity, AC +9
a: Berserk, Trog's Hand, Brothers in Arms, Burn Spellbooks, Renounce Religion


You were in the Dungeon.
You worshipped Trog.
Trog was extremely pleased with you.
You were not hungry.

You visited 1 branch You collected 35 gold pieces.

Inventory:

Hand Weapons
 b - a +4 executioner's axe of electrocution
 m - a +2 hand axe of chopping
 n - a +4 battleaxe of freezing
 t - a +2 war axe of freezing
 v - a +2 battleaxe of chopping
 G - a +5 executioner's axe of electrocution (weapon)
 H - a +1 battleaxe of freezing
 I - a +3 antimagic war axe
 L - a +3 antimagic battleaxe
Armour
 j - a +2 hat (worn)
 u - a +3 plate armour (worn)
Jewellery
 o - a +3 ring of intelligence (left hand)
 r - a +3 ring of intelligence (right hand)
 w - an uncursed ring of protection from cold
 C - an uncursed ring of positive energy
 D - an uncursed ring of magical power
 J - a +6 ring of intelligence
 M - an uncursed ring of magical power
Scrolls
 i - a scroll of blinking
 k - 3 scrolls of remove curse
 l - a scroll of summoning
 x - 2 scrolls of fear
 y - 3 scrolls of fog
 z - 3 scrolls of identify
 A - 2 scrolls of enchant weapon
Potions
 a - 2 potions of invisibility
 d - 10 potions of curing
 e - 9 potions of heal wounds
 f - 5 potions of haste
 g - 4 potions of magic
 h - 5 potions of berserk rage
 p - a potion of might
 q - 2 potions of resistance
 s - a potion of agility
 B - a potion of brilliance
 F - a potion of flight
Books
 E - a book of Spatial Translocations

   Spells                             Type                      Level
   a - Blink                          Translocation                2
   b - Shroud of Golubria             Charms/Translocation         2
   c - Lesser Beckoning               Translocation                3
   d - Gell's Gravitas                Translocation                3
   e - Teleport Other                 Translocation                3
   f - Passage of Golubria            Translocation                4
   Trog disapproves of the use of such an item.
 K - a book of Air

   Spells                             Type                      Level
   a - Shock                          Conjuration/Air              1
   b - Swiftness                      Charms/Air                   2
   c - Static Discharge               Conjuration/Air              3
   d - Airstrike                      Air                          4
   e - Lightning Bolt                 Conjuration/Air              5
   Trog disapproves of the use of such an item.
 N - a book of Air

   Spells                             Type                      Level
   a - Shock                          Conjuration/Air              1
   b - Swiftness                      Charms/Air                   2
   c - Static Discharge               Conjuration/Air              3
   d - Airstrike                      Air                          4
   e - Lightning Bolt                 Conjuration/Air              5
   Trog disapproves of the use of such an item.
Comestibles
 c - 14 rations


   Skills:
 + Level 18.7 Fighting
 + Level 21.4 Axes
 + Level 15.6 Armour
 + Level 6.1 Dodging
 + Level 3.0 Stealth


You had 12 spell levels left.
You didn't know any spells.

Dungeon Overview and Level Annotations

Branches:
Dungeon (1/1)

Altars:
Ashenzari
Cheibriados
Dithmenos
Elyvilon
Fedhas
Gozag
Hepliaklqana
Kikubaaqudgha
Makhleb
Nemelex Xobeh
Okawaru
Qazlal
Ru
Sif Muna
Trog
Uskayaw
Vehumet
Wu Jian
Xom
Yredelemnul
Zin
The Shining One
Beogh
Jiyva
Lugonu

Annotations:
D Khufu


Innate Abilities, Weirdness & Mutations

You are resistant to torment.
Your stone body is resilient. (AC +9)
You are immune to poison.
You resist negative energy. (rN+)
You are resistant to electric shocks. (rElec)
You can survive without breathing.
You are immune to petrification.
You are immune to rotting.


Message History

The death scarab bites you.
* * * LOW HITPOINT WARNING * * *
The death scarab drains your vigour!
You feel as though you will be slow longer.
The death scarab barely misses you.
The greater mummy calls on the powers of darkness!
The emperor scorpion convulses! x2
Your troll convulses!
Your body is wracked with pain!
* * * LOW HITPOINT WARNING * * *
The emperor scorpion convulses!
The emperor scorpion stings you but does no damage.
The emperor scorpion claws you but does no damage. x2
The death scarab bites you!
* * * LOW HITPOINT WARNING * * *
The death scarab drains your vigour!
You feel as though you will be slow longer.
The greater mummy gestures at you while chanting.
Something smites you!
You die...

#...........
#.......... .........
....... #..sM #)s#
#####MM#####
#....ssM..s#
#..s.T@....#
+..#..s.#..#
+..........#
#....s.....#
###########..#....#..#
.........''..........#
.........''...(......#
#######..##..#....#..#
# #..##..))).....+


You could see Khufu, a greater mummy, 3 emperor scorpions, a mummy priest, 5
death scarabs, a mummy and a friendly troll (berserk).

Vanquished Creatures
  Gastronok (D)
  Donald (D)
  A nagaraja (D)
  An emperor scorpion (D)
  2 eidola (D)
  A naga warrior (D)
  An anaconda (D)
  6 death yaks (D)
  A spriggan (D)
  2 orc knights (D)
  A cyclops (D)
  A deep elf mage (D)
  An orc sorcerer (D)
  A manticore (D)
  A molten gargoyle (D)
  A naga mage (D)
  An orange demon (D)
  A smoke demon (D)
  5 kobold demonologists (D)
  An efreet (D)
  A red devil (D)
  2 guardian mummies (D)
  A polar bear (D)
  2 wandering mushrooms (D)
  A hornet (D)
  2 snapping turtles (D)
  3 bog bodies (D)
  2 redbacks (D)
  A vampire (D)
  An air elemental (D)
  2 basilisks (D)
  3 shadows (D)
  2 ynoxinuls (D)
  A fire bat (D)
  2 steam dragons (D)
  A chaos spawn (D)
  A warg (D)
  An insubstantial wisp (D)
  A naga (D)
  Duvessa (D)
  A sky beast (D)
  A swamp drake (D)
  2 orc warriors (D)
  A black bear (D)
  2 ice beasts (D)
  A crocodile (D)
  3 big kobolds (D)
  A gnoll sergeant (D)
  An earth elemental (D)
  Dowan (D)
  An iron imp (D)
  2 hounds (D)
  A jelly (D)
  Terence (D)
  A worker ant (D)
  A mummy (D)
  6 gnolls (D)
  An adder (D)
  2 ufetubi (D)
  2 oozes (D)
  A worm (D)
  A leopard gecko (D)
  4 orcs (D)
  A giant cockroach (D)
  A goblin (D)
  A hobgoblin (D)
  2 jackals (D)
  A quokka (D)
  A ball python (D)
  A bat (D)
  5 kobolds (D)
  A quokka skeleton (D)
114 creatures vanquished.

Vanquished Creatures (collateral kills)
  A ghost moth (D)
  A deep elf sorcerer (D)
  An orc warlord (D)
  A draconian scorcher (D)
  A vampire knight (D)
  A black draconian (D)
  A catoblepas (D)
  An ugly thing (D)
  A deep elf mage (D)
  A naga mage (D)
  A freezing wraith (D)
  An ice devil (D)
  A jumping spider (D)
  A tarantella (D)
  A spriggan (D)
  A chaos spawn (D)
  2 insubstantial wisps (D)
  A naga (D)
  2 orc priests (D)
  A mummy (D)
  A leopard gecko (D)
  5 orcs (D)
28 creatures vanquished.

Grand Total: 142 creatures vanquished

Notes
Turn   | Place    | Note
-------+----------+-------------------------------------------
     0 | D        | Fang the Gargoyle Berserker began the quest for the Orb.
     0 | D        | Reached XP level 1. HP: 14/14 MP: 1/1
    50 | D        | Reached skill level 3 in Axes
    57 | D        | Reached ** piety under Trog
    57 | D        | Reached XP level 2. HP: 7/20 MP: 2/2
   278 | D        | Reached *** piety under Trog
   283 | D        | Reached skill level 4 in Axes
   285 | D        | Reached skill level 5 in Fighting
   285 | D        | Reached XP level 3. HP: 16/27 MP: 3/3
   502 | D        | Noticed a black bear
   503 | D        | Noticed Duvessa
   504 | D        | Noticed Dowan
   506 | D        | Noticed an ice beast
   508 | D        | Killed a black bear
   508 | D        | Reached skill level 6 in Axes
   508 | D        | Reached XP level 4. HP: 34/34 MP: 4/4
   508 | D        | Reached XP level 5. HP: 38/38 MP: 5/5
   510 | D        | Reached **** piety under Trog
   512 | D        | Killed Duvessa
   512 | D        | Reached skill level 7 in Axes
   512 | D        | Reached XP level 6. HP: 46/46 MP: 6/6
   516 | D        | Killed Dowan
   516 | D        | Reached ***** piety under Trog
   516 | D        | Reached skill level 8 in Axes
   516 | D        | Reached skill level 5 in Armour
   519 | D        | Killed an ice beast
   519 | D        | Reached skill level 10 in Fighting
   519 | D        | Reached skill level 9 in Axes
   608 | D        | Reached XP level 7. HP: 53/53 MP: 7/7
   611 | D        | Noticed an orange demon
   621 | D        | Killed an orange demon
   621 | D        | Received a gift from Trog
   621 | D        | Reached skill level 10 in Axes
   671 | D        | Reached XP level 8. HP: 54/60 MP: 8/8
   679 | D        | Noticed a shadow
   685 | D        | Killed a shadow
   694 | D        | Reached skill level 11 in Axes
   891 | D        | Found a bloodstained altar of Trog.
   891 | D        | Found a deep blue altar of Sif Muna.
   891 | D        | Found a viscous altar of Jiyva.
   891 | D        | Found a hazy altar of Hepliaklqana.
   891 | D        | Found an opulent altar of Gozag.
   892 | D        | Found a glowing golden altar of the Shining One.
   892 | D        | Found a glowing silver altar of Zin.
   892 | D        | Found a basalt altar of Yredelemnul.
   892 | D        | Found a shimmering altar of Xom.
   892 | D        | Found an ornate altar of the Wu Jian Council.
   892 | D        | Found a sacrificial altar of Ru.
   892 | D        | Found a stormy altar of Qazlal.
   892 | D        | Found an iron altar of Okawaru.
   892 | D        | Found a sparkling altar of Nemelex Xobeh.
   892 | D        | Found a burning altar of Makhleb.
   892 | D        | Found a blossoming altar of Fedhas.
   892 | D        | Found a white marble altar of Elyvilon.
   892 | D        | Found a shadowy altar of Dithmenos.
   892 | D        | Found a snail-covered altar of Cheibriados.
   893 | D        | Found a radiant altar of Vehumet.
   893 | D        | Found a corrupted altar of Lugonu.
   893 | D        | Found a roughly hewn altar of Beogh.
   894 | D        | Found a hide-covered altar of Uskayaw.
   894 | D        | Found an ancient bone altar of Kikubaaqudgha.
   894 | D        | Found a shattered altar of Ashenzari.
   916 | D        | Noticed a shadow
   921 | D        | Reached ****** piety under Trog
   922 | D        | Killed a shadow
   922 | D        | Received a gift from Trog
   988 | D        | Noticed a polar bear
   988 | D        | Noticed a smoke demon
   995 | D        | Killed a smoke demon
   995 | D        | Reached skill level 5 in Dodging
   996 | D        | Reached skill level 12 in Axes
   996 | D        | Reached skill level 1 in Stealth
   996 | D        | Reached XP level 9. HP: 62/67 MP: 9/9
   997 | D        | Killed a polar bear
   998 | D        | Noticed a manticore
  1009 | D        | Killed a manticore
  1280 | D        | Noticed a molten gargoyle
  1280 | D        | Noticed a cyclops
  1280 | D        | Noticed a kobold demonologist
  1285 | D        | Received a gift from Trog
  1287 | D        | Noticed a hellwing
  1290 | D        | Killed a molten gargoyle
  1290 | D        | Reached skill level 13 in Axes
  1290 | D        | Reached skill level 10 in Armour
  1303 | D        | Killed a kobold demonologist
  1306 | D        | Killed a cyclops
  1306 | D        | Reached XP level 10. HP: 39/74 MP: 10/10
  1492 | D        | Received a gift from Trog
  1862 | D        | Reached skill level 14 in Axes
  1865 | D        | Noticed Gastronok
  1872 | D        | Killed Gastronok
  1872 | D        | Received a gift from Trog
  2033 | D        | Reached skill level 15 in Axes
  2054 | D        | Noticed a spriggan rider
  2061 | D        | Noticed a catoblepas
  2066 | D        | Noticed a deep elf mage
  2067 | D        | Killed a spriggan rider
  2067 | D        | Received a gift from Trog
  2067 | D        | Reached skill level 15 in Fighting
  2067 | D        | Reached XP level 11. HP: 16/81 MP: 11/11
  2079 | D        | Killed a catoblepas
  2082 | D        | Killed a deep elf mage
  2409 | D        | Noticed Terence
  2410 | D        | Noticed a deep elf mage
  2412 | D        | Killed Terence
  2412 | D        | Received a gift from Trog
  2424 | D        | Killed a deep elf mage
  2424 | D        | Reached skill level 16 in Axes
  2458 | D        | Received a gift from Trog
  2903 | D        | Received a gift from Trog
  2966 | D        | Noticed an anaconda
  2972 | D        | Killed an anaconda
  3116 | D        | Reached skill level 17 in Axes
  3124 | D        | Noticed a death yak
  3131 | D        | Noticed a death yak
  3131 | D        | Received a gift from Trog
  3132 | D        | Noticed a death yak
  3133 | D        | Noticed a death yak
  3133 | D        | Killed a death yak
  3135 | D        | Noticed a death yak
  3137 | D        | Noticed a death yak
  3140 | D        | Killed a death yak
  3144 | D        | Killed a death yak
  3144 | D        | Reached XP level 12. HP: 55/90 MP: 12/12
  3147 | D        | Killed a death yak
  3147 | D        | Reached skill level 18 in Axes
  3147 | D        | Killed a death yak
  3148 | D        | Killed a death yak
  3155 | D        | Received a gift from Trog
  3586 | D        | Found the +3 Elemental Staff {rElec rF++ rC++ MR++ AC+5}
  3586 | D        | Noticed a nagaraja
  3598 | D        | Killed a nagaraja
  3598 | D        | Reached skill level 19 in Axes
  3599 | D        | Noticed Donald
  3604 | D        | Killed Donald
  3604 | D        | Received a gift from Trog
  3701 | D        | Received a gift from Trog
  3712 | D        | Noticed a deep elf sorcerer
  3722 | D        | Killed a deep elf sorcerer
  3722 | D        | Reached skill level 20 in Axes
  3730 | D        | Noticed an emperor scorpion
  3744 | D        | Noticed a yellow draconian scorcher
  3748 | D        | Killed an emperor scorpion
  3755 | D        | Killed a yellow draconian scorcher
  3755 | D        | Reached skill level 15 in Armour
  3759 | D        | Received a gift from Trog
  3759 | D        | Reached XP level 13. HP: 30/97 MP: 13/13
  3765 | D        | Noticed an eidolon
  3766 | D        | Killed an eidolon
  3773 | D        | Received a gift from Trog
  3877 | D        | Noticed an eidolon
  3882 | D        | Killed an eidolon
  4282 | D        | Noticed an orc warlord
  4290 | D        | Noticed a black draconian
  4296 | D        | Killed an orc warlord
  4298 | D        | Killed a black draconian
  4298 | D        | Reached skill level 21 in Axes
  4512 | D        | Noticed a vampire knight
  4513 | D        | Noticed Khufu
  4517 | D        | Received a gift from Trog
  4517 | D        | Killed a vampire knight
  4520 | D        | Noticed a mummy priest
  4523 | D        | Noticed a greater mummy
  4530 | D        | Killed a ghost moth
  4530 | D        | Received a gift from Trog
  4534 | D        | Noticed an emperor scorpion
  4535 | D        | Noticed an emperor scorpion
  4536 | D        | Noticed an emperor scorpion
  4538 | D        | HP: 1/148 [death scarab[Khufu] (11)]
  4538 | D        | Killed from afar by a greater mummy

Skill      XL: |  1  2  3  4  5  6  7  8  9 10 11 12 13 |
---------------+----------------------------------------+-----
Axes           | 3 4 6 7 9 10 12 13 15 17 20 21 | 21.4
Fighting       | 4 5 7 9 10 11 12 13 15 16 18 | 18.7
Dodging        | 2 3 4 5 6 |  6.1
Armour         | 3 4 5 6 8 10 12 14 15 | 15.6
Stealth        | 1 2 3 |  3.0

Action                   |  1- 3 |  4- 6 |  7- 9 | 10-12 | 13-15 || total
-------------------------+-------+-------+-------+-------+-------++-------
Melee: Hand axe          |    23 |    21 |    34 |       |       ||    78
       War axe           |       |       |    49 |    15 |       ||    64
       Executioner's axe |       |       |       |   141 |    28 ||   169
       Battleaxe         |       |       |       |    41 |       ||    41
Invok: Berserk           |     2 |       |     3 |     3 |     1 ||     9
       Brothers in Arms  |       |       |       |     5 |     7 ||    12
  Use: Potion            |       |       |       |     2 |     3 ||     5
 Stab: Distracted        |       |       |       |       |     1 ||     1
  Eat: Chunk             |       |     1 |     4 |     3 |     3 ||    11
       Ration            |       |       |       |     3 |     1 ||     4
Armor: Animal skin       |     6 |       |       |       |       ||     6
       Chain mail        |     7 |     8 |    20 |       |       ||    35
       Plate armour      |       |       |    54 |   152 |    50 ||   256
Dodge: Dodged            |    19 |     6 |    29 |   109 |    22 ||   185
